 Dungeon Crawl Stone Soup version 0.28-a0-429-g1448048969 (webtiles) character file.

Game seed: 17318049623053539512

3437 robertstho the Thaumaturge (level 10, -2/69 HPs)
             Began as a Djinni Fire Elementalist on Sept 10, 2021.
             Was an Initiate of Gozag.
             Slain by Harold (18 damage)
             ... on level 8 of the Dungeon.
             The game lasted 00:12:00 (9846 turns).

robertstho the Thaumaturge (DjFE)                   Turns: 9846, Time: 00:12:01

Health: -2/69      AC:  7    Str:  7    XL:     10   Next: 26%
Gold:   557        EV: 12    Int: 25    God:    Gozag SH:  0 Dex: 15

rFire   + + +      SeeInvis +   m - +1 flail (protect)
rCold   x . .      Faith    .   (no shield)
rNeg    . . .      Spirit   .   E - +0 acid dragon scales
rPois   ∞          Reflect  .   y - +0 helmet {SInv}
rElec   .          Harm     .   (no cloak)
rCorr   +          Rampage  .   (no gloves)
Will    +....                   (boots unavailable)
Stlth   ++........              (no amulet)
HPRegen 0.21/turn               e - +6 ring of intelligence
MPRegen 0.00/turn               D - ring of protection from fire

@: flying
A: sickness immunity, fire resistance 2, cold vulnerability 1, float, innate
caster, hp casting, extra vitality 1
a: Renounce Religion, Potion Petition, Call Merchant, Bribe Branch


You were on level 8 of the Dungeon.
You worshipped Gozag.
Gozag was pleased with you.
You visited 2 branches of the dungeon, and saw 9 of its levels.

You collected 624 gold pieces.
You paid 67 gold pieces to Gozag.

Inventory:

Hand Weapons
 m - a +1 flail of protection (weapon)
Missiles
 F - a throwing net
Armour
 y - a +0 helmet of see invisible (worn)
 C - the +1 leather armour of Puebbaes {Will+}
   (You found it on level 7 of the Dungeon)

   Will:      It increases your willpower.
 E - +0 acid dragon scales (worn)
 G - a +1 cloak of willpower
Jewellery
 e - a +6 ring of intelligence (left hand)
 r - a ring of willpower
 t - a ring of willpower
 x - a ring of fire
 D - a ring of protection from fire (right hand)
Wands
 a - a wand of flame (14)
 z - a wand of paralysis (14)
 B - a wand of iceblast (8)
Scrolls
 d - 7 scrolls of magic mapping
 g - a scroll of vulnerability
 h - a scroll of immolation
 i - 3 scrolls of teleportation {unknown}
 j - a scroll of amnesia {unknown}
 l - a scroll of fear {unknown}
 o - a scroll of identify
 q - a scroll of blinking
 u - 2 scrolls of enchant armour {unknown}
 w - 2 scrolls of fog {unknown}
Potions
 b - a potion of ambrosia {unknown}
 c - 2 potions of haste {unknown}
 f - a potion of curing
 k - a potion of might
 n - a potion of mutation {unknown}
 p - a potion of flight {unknown}
 s - 3 potions of brilliance
 v - a potion of lignification {unknown}
 A - 2 potions of degeneration {unknown}


   Skills:
 * Level 4.5 Fighting
 + Level 0.5 Maces & Flails
 + Level 0.5 Armour
 + Level 3.5 Dodging
 + Level 3.4 Stealth
 * Level 9.8 Spellcasting


You had 6 spell levels left.
You knew the following spells:

 Your Spells              Type           Power      Damage    Failure   Level
a - Foxfire               Conj/Fire      100%       2x1d9     1%          1
b - Scorch                Fire           100%       2d10      1%          2
c - Conjure Flame         Conj/Fire      57%        6-21      1%          3
d - Inner Flame           Hex/Fire       57%        N/A       1%          3
e - Flame Wave            Conj/Fire      57%        3d10      1%          4
f - Pain                  Necr           100%       1d9       1%          1
g - Blink                 Tloc           N/A        N/A       1%          2
h - Frozen Ramparts       Ice            100%       1d12      1%          3
i - Swiftness             Air            57%        N/A       1%          3
Your spell library was empty.

Dungeon Overview and Level Annotations

Branches:
Dungeon (8/15)             Temple (1/1) D:6
   Lair: D:8-11

Altars:
Ashenzari
Cheibriados
Dithmenos
Elyvilon
Fedhas
Gozag
Hepliaklqana
Kikubaaqudgha
Makhleb
Okawaru
Qazlal
Sif Muna
Trog
Uskayaw
Vehumet
Wu Jian
Yredelemnul
The Shining One
Lugonu

Shops:
D:1 :   D:3 =   D:8 *

Annotations:
D:8 Harold


Innate Abilities, Weirdness & Mutations

You are immune to sickness and miasma.
You are immune to poison.
Your flesh is very heat resistant. (rF++)
You are vulnerable to cold. (rC-)
You float through the air rather than walking.
You learn spells naturally, not from books.
Your magical power is your life essence.
You have superior vitality. (+4 HP)


Message History

The killer bee is heavily wounded.
The killer bee barely misses you.
Casting: Foxfire (safe; 1% risk of failure)
Confirm with . or Enter, or press ? or * to list all spells.
Casting: Flame Wave (dangerous; 1% risk of failure)
Press: ? - help, Dir - look around, f - activate A wave of flame ripples out!
The flame wave engulfs the killer bee!!
You kill the killer bee!
The flame wave engulfs the killer bee!!
You kill the killer bee! (Press . to intensify the flame waves.)
The killer bee barely misses you.
Unknown command.
A wave of flame ripples out!
The flame wave engulfs the killer bee!!
You kill the killer bee!
The flame wave engulfs Harold!!
Harold is moderately wounded.
Harold misses you.
Unknown command.
A wave of flame ripples out!
The flame wave engulfs Harold!!
Harold is severely wounded.
You finish channelling waves of flame.
You hear a shout!
Harold drinks a potion.
Harold seems to grow stronger.
Unknown command.
Casting: Flame Wave (dangerous; 1% risk of failure)
Confirm with . or Enter, or press ? or * to list all spells.
Casting: Flame Wave (dangerous; 1% risk of failure)
Press: ? - help, Dir - look around, f - activate A wave of flame ripples out!
The flame wave engulfs Harold!!
Harold is almost dead. (Press . to intensify the flame waves.) Harold hits you with a +0 mace!!
* * * LOW HITPOINT WARNING * * *
A wave of flame ripples out!
The flame wave engulfs Harold.
Harold is almost dead.
* * * LOW HITPOINT WARNING * * *
Harold hits you with a +0 mace!!
You die...
Your body crumbles into a pile of gold.

#.# ###............# #.#
#.# #.#.###..##### #.#
#...# #..#######.#
#..###..##......)
#.....(.........#
#.####..##.####.# #.#
#..##.#.....
.##.####.####..#....##.#
..$..$$@@............#..
......$....###.........#
..$..#####.# ##......###
.### #.# ##....#### #.#
##.#.# #. #.# ##### ##
#.# #^# ...


You could see Harold (strong).

Vanquished Creatures
  Maggie (D:8)
  A hornet (D:8)
  4 yaks (D:7)
  A steam dragon (D:7)
  Eustachio (D:5)
  Edmund (D:5)
  A water moccasin (D:7)
  An orc warrior (D:7)
  A sky beast (D:6)
  2 necrophages
  A centaur (D:5)
  An ogre (D:6)
  A kobold brigand (D:8)
  A scorpion (D:3)
  A wyvern skeleton (D:7)
  2 water moccasin zombies
  3 killer bees (D:8)
  A howler monkey (D:8)
  5 wights (D:8)
  3 hounds
  3 orc priests
  A centaur skeleton (D:6)
  4 jellies
  A bullfrog skeleton (D:7)
  A scorpion zombie (D:5)
  2 iguanas
  Natasha (twice) (D:4)
  An orc wizard (D:8)
  A howler monkey skeleton (D:6)
  5 adders
  2 shadow imps
  2 white imps (D:5)
  An ufetubus (D:5)
  A worm (D:2)
  4 dart slugs
  9 orcs
  7 ball pythons
  11 endoplasms
  2 giant cockroaches
  13 goblins
  9 hobgoblins
  10 jackals
  5 quokkas
  7 bats
  4 frilled lizards
  20 kobolds
  2 rats
163 creatures vanquished.

Vanquished Creatures (others)
  546 foxfires
  7 fungi (D:4)
  17 plants
  6 toadstools (D:4)
576 creatures vanquished.

Grand Total: 739 creatures vanquished

Notes
Turn   | Place    | Note
-------+----------+-------------------------------------------
     0 | D:1      | robertstho the Djinni Fire Elementalist began the quest for
                  | the Orb.
     0 | D:1      | Reached XP level 1. HP: 15/15 MP: 0/0
   428 | D:1      | Reached XP level 2. HP: 17/21 MP: 0/0
   701 | D:1      | Found Uteohe's Book Shop.
   996 | D:1      | Reached skill level 3 in Spellcasting
  1122 | D:1      | Reached XP level 3. HP: 24/25 MP: 0/0
  1122 | D:1      | Learned a level 1 spell: Pain
  1915 | D:2      | Reached XP level 4. HP: 26/31 MP: 0/0
  2001 | D:2      | Found a faded altar of an unknown god.
  2338 | D:2      | Reached skill level 1 in Fighting
  3209 | D:3      | Found a glowing golden altar of the Shining One.
  3320 | D:3      | Found a shadowy altar of Dithmenos.
  3376 | D:3      | Noticed a scorpion
  3379 | D:3      | Killed a scorpion
  3380 | D:3      | Reached skill level 4 in Spellcasting
  3380 | D:3      | Reached XP level 5. HP: 31/37 MP: 0/0
  3380 | D:3      | Learned a level 2 spell: Blink
  3547 | D:3      | Found Boycof's Jewellery Shoppe.
  3615 | D:3      | Found a hazy altar of Hepliaklqana.
  4227 | D:4      | Reached XP level 6. HP: 34/42 MP: 0/0
  4711 | D:4      | Found a large runed translucent door.
  4712 | D:4      | Found a large runed translucent door.
  4756 | D:4      | Found a burning altar of Makhleb.
  4787 | D:4      | Noticed Natasha
  4791 | D:4      | Killed Natasha
  4792 | D:4      | Reached skill level 5 in Spellcasting
  5106 | D:4      | Noticed Natasha
  5160 | D:4      | Killed Natasha
  5337 | D:4      | Found an ornate altar of the Wu Jian Council.
  5342 | D:4      | Reached XP level 7. HP: 33/49 MP: 0/0
  5342 | D:4      | Learned a level 3 spell: Frozen Ramparts
  5351 | D:4      | Found an iron altar of Okawaru.
  5522 | D:5      | Entered Level 5 of the Dungeon
  5522 | D:5      | Noticed Eustachio
  5537 | D:5      | Killed Eustachio
  6329 | D:5      | Reached skill level 6 in Spellcasting
  6329 | D:5      | Reached XP level 8. HP: 49/55 MP: 0/0
  6372 | D:5      | Noticed Edmund
  6378 | D:5      | Killed Edmund
  7001 | D:6      | Found a basalt altar of Yredelemnul.
  7011 | D:6      | Found a staircase to the Ecumenical Temple.
  7052 | Temple   | Entered the Ecumenical Temple
  7066 | Temple   | Became a worshipper of Gozag Ym Sagoz the Greedy
  7435 | D:6      | Reached skill level 7 in Spellcasting
  7579 | D:6      | Found a stormy altar of Qazlal.
  8024 | D:7      | Found a white marble altar of Elyvilon.
  8024 | D:7      | Noticed a yak
  8024 | D:7      | Noticed a yak
  8024 | D:7      | Noticed a yak
  8024 | D:7      | Noticed a yak
  8035 | D:7      | Killed a yak
  8036 | D:7      | Reached XP level 9. HP: 34/61 MP: 0/0
  8036 | D:7      | Learned a level 3 spell: Swiftness
  8037 | D:7      | Reached skill level 8 in Spellcasting
  8259 | D:7      | Identified the +1 leather armour of Puebbaes {Will+}
  8324 | D:7      | Found a snail-covered altar of Cheibriados.
  8363 | D:7      | Found a broken altar of Ashenzari.
  8774 | D:7      | Noticed a +0 hand axe
  8774 | D:7      | Noticed a +0 dagger
  8775 | D:7      | Found a hide-covered altar of Uskayaw.
  9044 | D:8      | Noticed a hornet
  9050 | D:8      | Killed a hornet
  9051 | D:8      | Reached skill level 9 in Spellcasting
  9063 | D:8      | Noticed Maggie
  9259 | D:8      | Killed Maggie
  9260 | D:8      | Reached XP level 10. HP: 5/69 MP: 0/0
  9696 | D:8      | Found a blossoming altar of Fedhas.
  9723 | D:8      | Found Opria's Assorted Antiques.
  9839 | D:8      | Noticed Harold
  9846 | D:8      | Slain by Harold

Illustrated notes

Levels and vault maps discovered:
D:1:      dpeg_arrival_morbid_curiosity, layout_loops_corners, serial_shops,
          shop
D:2:      layout_rooms, hellmonk_ecumenical_altar_blasted, minmay_misc_feat_five
D:3:      layout_basic, nicolae_overflow_crystal_walls,
          mainiacjoe_overflow_paths, nicolae_dithmenos_shadow_blocks,
          serial_shops, shop, kennysheep_generic_room_13
D:4:      cheibrodos_fertilizer, layout_cave_pools, marbit_many_paths,
          jmf_multi_god_temple2, serial_glass, glass_columns_c, glass_columns_a,
          hangedman_decor_lopped, kennysheep_small_circle, uniq_natasha
D:5:      layout_rooms, serial_bayou_lagoon_a, uniq_edmund, uniq_eustachio
D:6:      layout_loops_ring, nicolae_qazlal_eye_of_the_storm,
          mainiacjoe_overflow_brackets, minmay_temple_entry_butterflies
D:7:      layout_basic, mainiacjoe_overflow_cross_hatched,
          nicolae_overflow_hidden_temple, mainiacjoe_overflow_six_doors_small,
          dancing_weapons_uskayaw
D:8:      layout_loops_ring, fedhas_altar_decomposition, serial_shops,
          nicolae_shop_overgrown_old_shop, uniq_pikel, uniq_harold, uniq_maggie
Temple:   corrupted_temple

Skill      XL: |  1  2  3  4  5  6  7  8  9 |
---------------+----------------------------+-----
Spellcasting   | 3 4 5 6 7 9 |  9.8
Fighting       | 1 2 3 4 |  4.5
Stealth        | 2 3 |  3.4
Dodging        | 3 |  3.5
Maces & Flails | |  0.5
Armour         | |  0.5

Action                   |  1- 3 |  4- 6 |  7- 9 | 10-12 || total
-------------------------+-------+-------+-------+-------++-------
Melee: Short sword       |       |     6 |       |       ||     6
       Flail             |       |     1 |     9 |       ||    10
 Cast: Foxfire           |    81 |   152 |    73 |    28 ||   334
       Scorch            |     1 |    22 |    56 |     3 ||    82
       Pain              |       |       |     3 |       ||     3
       Frozen Ramparts   |       |       |     1 |       ||     1
       Flame Wave        |       |       |     8 |     2 ||    10
  Use: Scroll            |       |       |     5 |       ||     5
       Potion            |       |       |     3 |     1 ||     4
Armor: Robe              |     3 |     6 |    20 |       ||    29
       Leather armour    |       |       |     1 |     2 ||     3
       Acid dragon scale |       |       |       |     1 ||     1
Dodge: Dodged            |    11 |    19 |    61 |     6 ||    97

Table legend: (Time is in decaauts)
 A = Elapsed time spent in this place.
 B = Non-inter-level travel time spent in this place.
 C = Inter-level travel time spent in this place.
 D = Time resting spent in this place.
 E = Time spent auto-exploring this place.
 F = Levels seen in this place.
 G = Mean time per level.
                   A        B        C        D        E       F      G
               +--------+--------+--------+--------+--------+-----+--------+
         Total |   9825 |   9601 |    224 |   1222 |   7235 |   9 | 1091.7 |
       Dungeon |   9798 |   9587 |    211 |   1222 |   7230 |   8 | 1224.8 |
        Temple |     26 |     14 |     12 |      0 |      5 |   1 |   26.0 |
               +--------+--------+--------+--------+--------+-----+--------+

Top non-repeatable levels by time:
     D:4: 1919 daAuts
     D:1: 1806 daAuts
     D:7: 1399 daAuts
     D:2: 1218 daAuts
     D:5: 1123 daAuts
     D:6: 1013 daAuts
     D:3: 893 daAuts
     D:8: 423 daAuts
  Temple: 26 daAuts
